 Dungeon Crawl Stone Soup version 0.32-a0-868-g153ae1a8d6 (webtiles) character file.

Game seed: 7246681550831803826

76619 Ruich the Severer (level 15, 0/190 HPs)
             Began as a Demonspawn Chaos Knight on Mar 29, 2024.
             Was a Plaything of Xom.
             Slain by a sixfirhy (9 damage)
             ... summoned by an orc high priest
             ... on level 2 of the Orcish Mines.
             The game lasted 00:55:41 (18963 turns).

Ruich the Severer (Demonspawn Chaos Knight)        Turns: 18963, Time: 00:55:42

Health: 0/190      AC: -3    Str: 24    XL:     15   Next: 13%
Magic:  15/15      EV:  8    Int: 13    God:    Xom [..*...]
Gold:   595        SH: 25    Dex: 13    Spells: 14/14 levels left

rFire   + . .        W - +1 broad axe (flame)
rCold   + . .        J - +5 kite shield of Elyvilon's Grace {rC+ Str+4 Dex-3 SInv}
rNeg    . . .        A - +4 scale mail "Jufuext" {Will+ Str+2}
rPois   +            (helmet unavailable)
rElec   .            P - +0 cloak
rCorr   .            C - +2 pair of gloves
SInv    +            l - +2 pair of boots
Will    ++++.        I - amulet of reflection Stlth
                     v - ring of poison resistance
HPRegen 0.51/turn    B - ring of protection from fire
MPRegen 0.14/turn

%: reflection
@: berserking, corroded, studying 2 skills, very quick
A: thin metallic scales 2, ignite blood 1, powered by pain 3, demonic touch 1,
antennae 3, fangs 1, large bone plates 1, strong-willed 2, strong 1, MP-powered
wands
a: Renounce Religion


You were on level 2 of the Orcish Mines.
You worshipped Xom.
You were a toy of Xom.
You visited 3 branches of the dungeon, and saw 18 of its levels.

You collected 2995 gold pieces.
You spent 2400 gold pieces at shops.


Innate Abilities, Weirdness & Mutations

You are mostly covered in thin metallic scales. (AC +3)
Your demonic aura sometimes causes spilled blood to erupt in flames.
You are powered by pain.
Your touch may inflict minor irresistible damage on your foes.
You have a pair of large antennae on your head. (SInv)
You have very sharp teeth.
You are partially covered in large bone plates. (SH +4)
You are highly strong-willed. (Will++)
Your muscles are strong. (Str +4, Int/Dex -1)
You expend magic power (3 MP) to strengthen your wands.


   Skills:
 + Level 14.6 Fighting
 * Level 16.0 Axes
 + Level 10.1 Armour
 - Level 0.8 Dodging
 - Level 5.0 Stealth
 + Level 9.8 Shields


You had 14 spell levels left.
You didn't know any spells.
Your spell library contained the following spells:

 Spells                   Type           Power      Damage    Failure   Level
 Freeze                   Ice            0%         1d3       75%         1
 Kiss of Death            Conj/Necr      0%         2d5       75%         1
 Slow                     Hex            0%         N/A       75%         1
 Blink                    Tloc           0%         N/A       86%         2
 Lesser Beckoning         Tloc           0%         N/A       86%         2
 Momentum Strike          Conj/Tloc      0%         3d8       86%         2
 Confusing Touch          Hex            0%         N/A       98%         3
 Frozen Ramparts          Ice            0%         1d1       98%         3
 Hailstorm                Conj/Ice       0%         3d5       98%         3
 Passwall                 Erth           0%         N/A       98%         3
 Vampiric Draining        Necr           0%         2d6       98%         3
 Volatile Blastmotes      Fire/Tloc      0%         2d10      98%         3
 Dispel Undead            Necr           0%         3d6       100%        4
 Fulminant Prism          Conj/Alch      0%         3d5       100%        4
 Iskenderun's Mystic Bla Conj/Tloc 0%             2d3        (+2d1     100%        4
 Vhi's Electric Charge    Tloc/Air       0%         N/A       100%        4
 Summon Forest            Summ/Tloc      0%         N/A       100%        5
 Bombard                  Conj/Erth      0%         9d1       100%        6
 Eringya's Noxious Bog    Alch           0%         4d6       100%        6
 Summon Hydra             Summ           0%         N/A       100%        7

Inventory:

Hand Weapons
 W - a +1 broad axe of flaming (weapon)
Missiles
 c - 6 silver javelins
 u - 9 javelins
 w - 7 curare-tipped darts (quivered) {=f}
Armour
 l - a +2 pair of boots (worn)
 A - the +4 scale mail "Jufuext" (worn) {Will+ Str+2}
   (You found it on level 9 of the Dungeon)

   Str+2:     It affects your strength (+2).
   Will+:     It increases your willpower.
 C - a +2 pair of gloves (worn)
 J - the +5 kite shield of Elyvilon's Grace (worn) {rC+ Str+4 Dex-3 SInv}
   (You found it on level 10 of the Dungeon)

   Str+4:     It affects your strength (+4).
   Dex-3:     It affects your dexterity (-3).
   rC+:       It protects you from cold.
   SInv:      It lets you see invisible.
 P - a +0 cloak (worn)
Magical Staves
 K - the staff of the Dripping Pariah {rPois Fire Alchemy, !a}
   (Xom gifted it to you on level 11 of the Dungeon)

   [staff of alchemy]

   Base accuracy: +5 Base damage: 5 Base attack delay: 1.2 This weapon's minimum
   attack delay (0.6) is reached at skill level 12.
   rPois:     It protects you from poison.
   Fire:      It increases the power of your Fire spells.
   Alchemy:   It increases the power of your Alchemy spells.
   It falls into the 'Staves' category.
   It is a one-handed weapon.
Jewellery
 v - a ring of poison resistance (left hand)
 x - an amulet of regeneration
 B - a ring of protection from fire (right hand)
 I - an amulet of reflection (around neck)
 U - a ring of flight
Wands
 a - a wand of iceblast (4)
 b - a wand of charming (5)
 g - a wand of polymorph (16)
 y - a wand of digging (20)
 O - a wand of flame (1)
Scrolls
 f - 2 scrolls of noise
 h - 2 scrolls of butterflies
 k - a scroll of vulnerability
 n - 12 scrolls of fear
 p - a scroll of fog
 r - 4 scrolls of amnesia
 z - a scroll of torment
 E - 2 scrolls of teleportation {@r2}
 F - 2 scrolls of brand weapon
 G - a scroll of blinking
 H - 2 scrolls of poison
Potions
 d - a potion of heal wounds {@q2}
 e - 8 potions of curing {@q1}
 i - 2 potions of resistance
 m - 5 potions of mutation
 o - 2 potions of ambrosia
 s - 3 potions of attraction
 t - a potion of lignification {unknown}
 D - 3 potions of enlightenment
 L - 2 potions of brilliance {unknown}
 M - 2 potions of invisibility
 N - a potion of cancellation {unknown}
 Q - 3 potions of might {unknown}
 R - a potion of magic {unknown}
 S - 3 potions of haste {unknown}
Miscellaneous
 V - a lightning rod (4/4)

Dungeon Overview and Level Annotations

Branches:
Dungeon (11/15) Zot: 25695  Temple (0/1) D:6            Lair (5/5) D:11 Zot: 23593
  Swamp (0/4) Lair:2        Snake (0/4) Lair:2        Slime (0/5) Lair:5
    Orc (2/2) D:10 Zot: 11352
    Elf: Orc:2

Altars:
Cheibriados
Fedhas
Gozag
Hepliaklqana
Kikubaaqudgha
Nemelex Xobeh
Sif Muna
Trog
Wu Jian
Xom
Jiyva

Shops:
D:4 [   D:11 (   Orc:2 :

Annotations:
D:6 Jeremiah
Lair:2 exclusion: oklob plant

........#...oo
...........o.
...........o,
........o.. ,{
......o4o.{
.......443{{{
......ooo#{{{{
......o4o#
.......3@#
........o4#
.........)o#
..........))#
............).#
{
............).#
#...........).#
#.............#
##.............#


You could see 2 orc high priests, an orange demon (summoned), an ice devil
(summoned), 3 rust devils, 2 sixfirhies, an orc sorcerer, 2 orc warriors, an orc
priest, an orc wizard (invisible) and 3 orcs.


Message History

The orc high priest invokes the aid of Beogh against you.
Beogh smites you!
* * * LOW HITPOINT WARNING * * *
You block the orc warrior's attack. You block the rust devil's attack.
You hear a shout!
You hit the orc high priest. You burn the orc high priest.
The orc high priest is moderately wounded.
You hit the rust devil but do no damage.
You slice the sixfirhy!! You burn the sixfirhy.
You closely miss the orc warrior. You slash the rust devil!
You hear a shout! x2
You block the sixfirhy's attack. x2
The orc priest calls upon Beogh to heal the orc high priest.
The orc high priest is healed somewhat.
You block the orc warrior's attack. The orc high priest barely misses you.
* * * LOW HITPOINT WARNING * * *
The rust devil corrodes you!
* * * LOW HITPOINT WARNING * * *
You hit the orc high priest but do no damage.
Your bite misses the orc high priest.
The orc high priest is moderately wounded.
You hit the rust devil.
You hit the rust devil but do no damage.
You closely miss the sixfirhy.
You hit the orc warrior but do no damage.
You block the sixfirhy's attack. You block the rust devil's attack.
* * * LOW HITPOINT WARNING * * *
The sixfirhy shocks you!
You die...
Xom howls with laughter!

Skill      XL: |  1  2  3  4  5  6  7  8  9 10 11 12 13 14 15 |
---------------+----------------------------------------------+-----
Axes           | 3 4 5 6 7 8 10 12 13 15 16 | 16.0
Fighting       | 4 5 6 7 8 9 10 12 13 14 | 14.6
Armour         | 3 5 6 7 8 9 10 | 10.1
Shields        | 2 5 7 9 |  9.8
Stealth        | 2 5 |  5.0
Dodging        | |  0.8

Action                     |  1- 3 |  4- 6 |  7- 9 | 10-12 | 13-15 || total
---------------------------+-------+-------+-------+-------+-------++-------
  Melee: Hand axe          |    83 |    83 |    56 |       |       ||   222
         War axe           |       |       |   326 |   572 |   854 ||  1752
         Touch             |       |       |    52 |    64 |       ||   116
         Bite              |       |       |       |    41 |   119 ||   160
         Broad axe         |       |       |       |       |   104 ||   104
  Throw: Dart              |       |       |       |       |     2 ||     2
  Evoke: Wand              |       |       |       |       |    21 ||    21
    Use: Scroll            |       |       |    15 |    11 |     7 ||    33
         Potion            |       |       |     2 |     1 |     5 ||     8
   Stab: Sleeping          |       |     2 |     1 |       |       ||     3
         Invisible         |       |     2 |       |     4 |     6 ||    12
         Confused          |       |       |     2 |     4 |     2 ||     8
         Paralysed         |       |       |     1 |       |       ||     1
 Armour: Leather armour    |    38 |    70 |   256 |       |       ||   364
         Chain mail        |       |       |    64 |   160 |       ||   224
         Scale mail        |       |       |       |   295 |   418 ||   713
  Dodge: Dodged            |    52 |    52 |   205 |   225 |   172 ||   706
  Block: Other             |       |       |    18 |    46 |       ||    64
         Kite shield       |       |       |       |   280 |   828 ||  1108
         Reflection        |       |       |       |       |    13 ||    13

Levels and vault maps discovered:
D:1:      ebering_trefoil_twist, layout_basic
D:2:      layout_basic, dreamdust_ecumenical_altar_sealed_demon,
          dk_noncrumbling_2, minmay_goblin_kobold_house
D:3:      layout_loops_corners, hellmonk_overflow_destroyed_library,
          minmay_randomly_rotated_circles
D:4:      layout_loops_ring, nicolae_hepliaklqana_monster_ancestors,
          gup_sewer_entry_glass, serial_shops, shop, uniq_edmund
D:5:      layout_basic, minmay_ogre_servants, uniq_blork_the_orc
D:6:      layout_loops_ring, mainiacjoe_overflow_paths,
          minmay_temple_entry_statues_pillars, uniq_jeremiah
D:7:      layout_basic, nemelex_altar_shiori
D:8:      wad_guarded_room, layout_basic, kennysheep_slug_shrine,
          tso_oasis_becter, serial_curves, eino_curves_03, eino_curves_02,
          eino_curves_04
D:9:      layout_stronghold, nzn_sisyphean_effort
D:10:     layout_stronghold, mainiacjoe_overflow_catch_the_wave,
          zombieorc2_lemuel, minmay_the_grid_2x2 [minmay_the_grid_box_x,
          minmay_the_grid_spin_star, minmay_the_grid_slots,
          minmay_the_grid_prize_inner_circle]
D:11:     minmay_diamond_stairs, layout_basic, minmay_lair_entry_grove,
          ebering_ghost_gozag, serial_shops, nicolae_shop_mannequins,
          hangedman_stone_soup, uniq_sonja, uniq_fannar
Lair:1:   wad_woods_minihive, layout_regular_city, minmay_shattered_shrine
Lair:2:   layout_cave_pods, minmay_swamp_entry_worms,
          guppyfry_snake_entry_garden, tgw_fedhas, uniq_prince_ribbit2
Lair:3:   layout_roguey, maelrawn_ghost_gauntlet_escape,
          grunt_forest_stairs_clearing, infiniplex_staircase_pool,
          serial_bayou_shore_a
Lair:4:   layout_gridlike, kennysheep_snail_temple, uniq_rupert
Lair:5:   minmay_lair_end_frog_pond, layout_regular_city,
          nicolae_slime_entry_slimehenge
Orc:1:    layout_caves
Orc:2:    st_orc_congregation, layout_diamond_mine, nicolae_shop_self_help

Notes
Turn   | Place    | Note
-------+----------+-------------------------------------------
     0 | D:1      | Ruich the Demonspawn Chaos Knight began the quest for the
                  | Orb.
     0 | D:1      | Reached XP level 1. HP: 18/18 MP: 1/1
    20 | D:1      | XOM: silly message
   107 | D:1      | Reached skill level 3 in Axes
   121 | D:1      | Gained mutation: You are partially covered in thin metallic
                  | scales. (AC +2) [demonic ancestry]
   121 | D:1      | Reached XP level 2. HP: 24/24 MP: 2/2
   569 | D:2      | XOM: silly message
   572 | D:2      | Found a faded altar of an unknown god.
   572 | D:2      | Noticed a crimson imp
   680 | D:2      | XOM: confuse monster(s)
   682 | D:2      | XOM: divination: magic mapping
   688 | D:2      | Gained mutation: You sometimes gain a little power by
                  | taking damage. [demonic ancestry]
   688 | D:2      | Reached XP level 3. HP: 25/29 MP: 3/3
   853 | D:2      | XOM: divination: detect creatures
   862 | D:2      | Reached skill level 4 in Axes
   862 | D:2      | Gained mutation: Your demonic aura sometimes causes spilled
                  | blood to erupt in flames. [demonic ancestry]
   862 | D:2      | Reached XP level 4. HP: 37/37 MP: 4/4
   862 | D:2      | XOM: potion effect (invisibility)
  1238 | D:2      | Reached skill level 4 in Fighting
  1517 | D:2      | XOM: silly message
  1622 | D:3      | XOM: divination: detect creatures
  1692 | D:3      | Reached XP level 5. HP: 37/42 MP: 5/5
  1737 | D:3      | You fall into a shaft and drop 3 floors!
  1753 | D:5      | Entered Level 5 of the Dungeon
  1753 | D:5      | Noticed a black bear
  1763 | D:5      | Noticed an ogre
  1766 | D:5      | Killed a black bear
  1767 | D:5      | Reached skill level 5 in Axes
  1784 | D:5      | Noticed an ogre
  1791 | D:5      | Killed an ogre
  1791 | D:5      | Killed an ogre
  1792 | D:5      | Gained mutation: You sometimes gain power by taking damage.
                  | [demonic ancestry]
  1792 | D:5      | Reached XP level 6. HP: 15/50 MP: 6/6
  1943 | D:5      | Reached skill level 5 in Fighting
  1943 | D:5      | Reached skill level 6 in Axes
  2051 | D:5      | Reached XP level 7. HP: 30/56 MP: 7/7
  2089 | D:5      | XOM: potion effect (haste)
  2258 | D:5      | XOM: silly message
  2641 | D:5      | Reached skill level 7 in Axes
  2778 | D:5      | XOM: silly message
  2824 | D:5      | Reached skill level 6 in Fighting
  2826 | D:5      | XOM: potion effect (invisibility)
  2920 | D:4      | XOM: confuse monster(s)
  2926 | D:4      | Gained mutation: Your touch may inflict minor irresistible
                  | damage on your foes. [demonic ancestry]
  2926 | D:4      | Reached XP level 8. HP: 63/64 MP: 8/8
  3041 | D:3      | XOM: 2-stop teleportation journey
  3098 | D:3      | XOM: 2-stop teleportation journey
  3374 | D:3      | XOM: scenery: create altars
  3599 | D:3      | Found a bloodstained altar of Trog.
  3603 | D:3      | Found a shimmering blue altar of Sif Muna.
  4100 | D:4      | Found Ibulixt's Antique Armour Emporium.
  4120 | D:4      | Noticed Edmund
  4130 | D:4      | Killed Edmund
  4131 | D:4      | Reached skill level 8 in Axes
  4131 | D:4      | Reached skill level 2 in Armour
  4413 | D:4      | Found a hazy altar of Hepliaklqana.
  4567 | D:4      | XOM: potion effect (haste)
  4796 | D:4      | XOM: draining
  4882 | D:5      | Noticed Blork the orc
  4897 | D:5      | Killed Blork the orc
  5239 | D:5      | XOM: scenery: create altars
  5275 | D:6      | Reached skill level 7 in Fighting
  5319 | D:6      | XOM: summons 8 friendly demons
  5322 | D:6      | Reached skill level 3 in Armour
  5410 | D:6      | Found an ornate altar of the Wu Jian Council.
  5576 | D:6      | Noticed Jeremiah
  5606 | D:6      | Found a staircase to the Ecumenical Temple.
  5649 | D:6      | Reached XP level 9. HP: 72/72 MP: 9/9
  5746 | D:6      | Reached skill level 9 in Axes
  5765 | D:6      | XOM: give mutations
  5765 | D:6      | Gained mutation: Your natural rate of healing is unusually
                  | fast. [Xom's grace]
  5765 | D:6      | Gained mutation: You have a pair of small antennae on your
                  | head. [Xom's grace]
  5765 | D:6      | Gained mutation: You are partially covered in large bone
                  | plates. (SH +4) [Xom's grace]
  5765 | D:6      | Gained mutation: Your muscles are strong. (Str +4, Int/Dex
                  | -1) [Xom's grace]
  5930 | D:6      | XOM: scenery: summon butterflies
  5992 | D:7      | Found a sparkling altar of Nemelex Xobeh.
  6173 | D:7      | XOM: enchant monster (good)
  6191 | D:7      | Reached skill level 4 in Armour
  6776 | D:7      | XOM: god gift: 52 gold pieces
  6838 | D:7      | XOM is BORED!
  6969 | D:8      | XOM: god gift: 51 gold pieces
  6980 | D:8      | XOM: scenery: summon butterflies
  6982 | D:8      | XOM: confusion (+ monsters)
  6992 | D:8      | Reached skill level 8 in Fighting
  6998 | D:8      | Reached skill level 10 in Axes
  7038 | D:8      | XOM: silly message
  7038 | D:8      | XOM: smoke on damage
  7186 | D:8      | Found a snail-covered altar of Cheibriados.
  7198 | D:8      | Noticed a gargoyle
  7198 | D:8      | XOM: summons 1 hostile demon
  7211 | D:8      | Reached skill level 5 in Armour
  7217 | D:8      | HP: 5/75 [gargoyle/stone arrow (21)]
  7220 | D:8      | Killed a gargoyle
  7221 | D:8      | Reached XP level 10. HP: 46/82 MP: 10/10
  7234 | D:8      | XOM: blink monster(s)
  7247 | D:8      | XOM: noise
  7272 | D:8      | XOM: give mutation
  7272 | D:8      | Gained mutation: Your flesh is heat resistant. (rF+) [Xom's
                  | grace]
  7289 | D:8      | XOM: scenery: create altars
  7322 | D:8      | XOM: god gift: ivory wand {god gift}
  7482 | D:8      | XOM: silly message
  7638 | D:8      | XOM: polymorph water moccasin -> adder
  7648 | D:8      | XOM: scenery: summon butterflies
  7671 | D:8      | Reached skill level 11 in Axes
  7723 | D:8      | XOM: confuse monster(s)
  7723 | D:8      | Noticed a cyclops
  7729 | D:8      | Killed a cyclops
  7730 | D:8      | Reached skill level 9 in Fighting
  7743 | D:8      | Noticed a brown ugly thing
  7744 | D:8      | XOM: summons 10 friendly demons
  7749 | D:8      | Killed a brown ugly thing
  7750 | D:8      | Reached skill level 6 in Armour
  7787 | D:8      | XOM: god gift: 31 gold pieces
  7796 | D:8      | XOM: scenery: 2 fountains blood, 1 doors close
  7949 | D:8      | XOM: enchant monster (good)
  8389 | D:9      | Noticed a boulder beetle
  8389 | D:9      | XOM: divination: magic mapping
  8403 | D:9      | XOM: 1-stop teleportation journey
  8442 | D:9      | Noticed a two-headed ogre
  8453 | D:9      | Killed a two-headed ogre
  8616 | D:9      | Identified the +4 scale mail "Jufuext" {Will+ Str+2}
  8797 | D:9      | XOM: divination: detect items
  8975 | D:9      | Killed a boulder beetle
  8976 | D:9      | Reached skill level 12 in Axes
  8976 | D:9      | Gained mutation: You are powered by pain. [demonic
                  | ancestry]
  8976 | D:9      | Reached XP level 11. HP: 88/90 MP: 11/11
  9229 | D:10     | Entered Level 10 of the Dungeon
  9294 | D:10     | Found a staircase to the Orcish Mines.
  9296 | D:10     | XOM: fog
  9527 | D:10     | Found an ancient bone altar of Kikubaaqudgha.
  9574 | D:10     | Reached skill level 7 in Armour
  9577 | D:10     | Reached skill level 10 in Fighting
  9582 | D:10     | Noticed a rakshasa
  9585 | D:10     | XOM: divination: detect creatures
  9587 | D:10     | XOM: summons friendly crimson imp
  9602 | D:10     | Killed a rakshasa
  9626 | D:10     | Noticed a purple ugly thing
  9637 | D:10     | Killed a purple ugly thing
  9637 | D:10     | XOM: divine lightning
  9659 | D:10     | XOM: give mutations
  9659 | D:10     | Gained mutation: You passively map a small area around you.
                  | [Xom's grace]
  9659 | D:10     | Gained mutation: You are somewhat resistant to further
                  | mutation. [Xom's grace]
  9659 | D:10     | Gained mutation: You are strong-willed. (Will+) [Xom's
                  | grace]
  9659 | D:10     | Gained mutation: You have very sharp teeth. [Xom's grace]
  9824 | D:10     | Identified the +5 kite shield of Elyvilon's Grace {rC+
                  | Str+4 Dex-3 SInv}
  9824 | D:10     | Noticed a rakshasa
  9833 | D:10     | Noticed a centaur warrior
  9837 | D:10     | XOM is BORED!
  9837 | D:10     | XOM: chaos cloud
  9840 | D:10     | XOM: butterfly on damage
  9841 | D:10     | HP: 4/92 [rakshasa (illusionary)/+0 long sword (13)]
  9876 | D:10     | XOM: give mutations
  9876 | D:10     | Gained mutation: You expend magic power (3 MP) to
                  | strengthen your wands. [Xom's grace]
  9876 | D:10     | Gained mutation: You are highly strong-willed. (Will++)
                  | [Xom's grace]
  9876 | D:10     | Gained mutation: Your system is resistant to poisons.
                  | (rPois) [Xom's grace]
  9876 | D:10     | Gained mutation: Your muscles are very strong. (Str +8,
                  | Int/Dex -2) [Xom's grace]
 10049 | D:10     | Killed a rakshasa
 10063 | D:10     | Killed a rakshasa
 10064 | D:10     | Reached skill level 13 in Axes
 10064 | D:10     | Reached skill level 1 in Shields
 10189 | D:10     | XOM: cleaving
 10205 | D:10     | XOM: god gift: scale mail {god gift}
 10355 | D:10     | XOM: confuse monster(s)
 10358 | D:10     | Killed a centaur warrior
 10445 | D:10     | XOM: god gift: trident {god gift}
 10470 | D:10     | Reached skill level 2 in Shields
 10514 | D:11     | XOM: give mutations
 10514 | D:11     | Gained mutation: You have an increased reservoir of magic.
                  | (+10% MP) [Xom's grace]
 10514 | D:11     | Gained mutation: You are agile. (Dex +4, Str/Int -1) [Xom's
                  | grace]
 10514 | D:11     | Gained mutation: You have extremely sharp teeth. [Xom's
                  | grace]
 10583 | D:11     | XOM: scenery: create altars
 10587 | D:11     | XOM: scenery: create altars
 10598 | D:11     | Noticed a two-headed ogre
 10600 | D:11     | Noticed Fannar
 10723 | D:11     | Noticed a centaur warrior
 10729 | D:11     | Killed a centaur warrior
 10730 | D:11     | Reached XP level 12. HP: 71/98 MP: 13/13
 10808 | D:11     | XOM: scenery: 2 doors close
 10927 | D:11     | Noticed a boulder beetle
 10946 | D:11     | XOM: polymorph tengu conjurer -> river rat
 10951 | D:11     | Identified the staff of the Dripping Pariah {rPois Fire
                  | Alchemy} (Xom gifted it to you on level 11 of the Dungeon)
 10951 | D:11     | XOM: god gift: staff of the Dripping Pariah {rPois Fire
                  | Alchemy}
 10955 | D:11     | XOM: destruction
 10957 | D:11     | XOM: cleaving
 10971 | D:11     | Killed a boulder beetle
 10972 | D:11     | Reached skill level 3 in Shields
 10987 | D:11     | Found Figam's Weapon Emporium.
 10988 | D:11     | Noticed a rakshasa
 10992 | D:11     | Reached skill level 11 in Fighting
 11000 | D:11     | XOM: potion effect (invisibility)
 11007 | D:11     | XOM: confuse monster(s)
 11009 | D:11     | Killed a two-headed ogre
 11012 | D:11     | XOM: noise
 11025 | D:11     | Killed a rakshasa
 11060 | D:11     | Noticed a boulder beetle
 11067 | D:11     | Noticed a two-headed ogre
 11070 | D:11     | Killed a boulder beetle
 11071 | D:11     | Reached skill level 14 in Axes
 11075 | D:11     | Killed a two-headed ogre
 11076 | D:11     | Reached skill level 4 in Shields
 11217 | D:11     | Noticed Sonja
 11235 | D:11     | Killed Sonja
 11237 | D:11     | XOM: silly message
 11281 | D:11     | Killed Fannar
 11282 | D:11     | Found a runed translucent gate.
 11299 | D:11     | Found a runed translucent gate.
 11300 | D:11     | Found an opulent altar of Gozag.
 11300 | D:11     | Found a runed translucent gate.
 11302 | D:11     | Noticed avangion's ghost (journeyman DjFE)
 11338 | D:11     | Found a staircase to the Lair.
 11359 | D:11     | XOM: chaos cloud
 11375 | D:11     | XOM: give mutations
 11375 | D:11     | Lost mutation: Your system is resistant to poisons. (rPois)
                  | [Xom's mischief]
 11375 | D:11     | Lost mutation: You are somewhat resistant to further
                  | mutation. [Xom's mischief]
 11651 | Lair:1   | Entered Level 1 of the Lair of Beasts
 11657 | Lair:1   | XOM: chaos cloud
 11691 | Lair:1   | Reached skill level 5 in Shields
 11864 | Lair:1   | Noticed a death yak
 11868 | Lair:1   | Noticed a death yak
 11878 | Lair:1   | Killed a death yak
 11882 | Lair:1   | Killed a death yak
 11901 | Lair:1   | XOM: give mutations
 11901 | Lair:1   | Lost mutation: You are agile. (Dex +4, Str/Int -1) [Xom's
                  | mischief]
 11901 | Lair:1   | Lost mutation: You passively map a small area around you.
                  | [Xom's mischief]
 11941 | Lair:1   | Reached skill level 12 in Fighting
 11941 | Lair:1   | Reached skill level 15 in Axes
 11945 | Lair:1   | Gained mutation: You are mostly covered in thin metallic
                  | scales. (AC +3) [demonic ancestry]
 11945 | Lair:1   | Reached XP level 13. HP: 101/108 MP: 14/14
 11959 | Lair:1   | XOM: noise
 12084 | Lair:1   | XOM: fog
 12303 | Lair:1   | Reached skill level 6 in Shields
 12511 | Lair:1   | XOM: scenery: 1 doors open
 12584 | Lair:1   | XOM: enchant monster (good)
 12842 | Lair:2   | XOM: scenery: create altars
 12872 | Lair:2   | Found a staircase to the Snake Pit.
 12878 | Lair:2   | XOM: polymorph naga -> glowing shapeshifter
 12917 | Lair:2   | XOM: 3-stop teleportation journey
 12996 | Lair:2   | Noticed Prince Ribbit
 13013 | Lair:2   | Prince Ribbit changed into Prince Ribbit the killer bee
 13013 | Lair:2   | Noticed Prince Ribbit
 13013 | Lair:2   | XOM: polymorph Prince Ribbit -> Prince Ribbit the killer
                  | bee
 13017 | Lair:2   | Killed Prince Ribbit the killer bee
 13019 | Lair:2   | XOM: fog
 13135 | Lair:2   | XOM: summons 2 friendly demons
 13173 | Lair:2   | XOM: summons friendly quasit
 13174 | Lair:2   | XOM: destruction
 13381 | Lair:2   | Reached skill level 16 in Axes
 13384 | Lair:2   | Reached skill level 7 in Shields
 13391 | Lair:2   | Found a staircase to the Swamp.
 13391 | Lair:2   | XOM: summons 9 friendly demons
 13669 | Lair:2   | Found a blossoming altar of Fedhas.
 14016 | Lair:3   | XOM: cleaving
 14017 | Lair:3   | XOM: summons 6 friendly demons
 14027 | Lair:3   | Reached skill level 1 in Stealth
 14130 | Lair:3   | Found a runed translucent gate.
 14130 | Lair:3   | Found a runed translucent gate.
 14130 | Lair:3   | Found a runed translucent gate.
 14133 | Lair:3   | Noticed Ruich's ghost (journeyman TrCK)
 14141 | Lair:3   | XOM is BORED!
 14141 | Lair:3   | XOM: 4-stop teleportation journey
 14250 | Lair:3   | Identified 2 potions of resistance
 14272 | Lair:3   | Reached skill level 13 in Fighting
 14272 | Lair:3   | Reached skill level 2 in Stealth
 14356 | Lair:3   | XOM: summons 4 friendly demons
 14359 | Lair:3   | XOM: fake destruction
 14439 | Lair:3   | XOM: silly message
 14515 | Lair:3   | Noticed a minotaur
 14532 | Lair:3   | XOM: god gift: 8 stones
 14802 | Lair:3   | XOM: divination: magic mapping
 14918 | Lair:3   | Identified a scroll of acquirement
 14918 | Lair:3   | Acquired 1101 gold pieces
 14947 | Lair:3   | XOM: potion effect (curing)
 14949 | Lair:3   | XOM: silly message
 14957 | Lair:3   | Killed a minotaur
 14958 | Lair:3   | Reached skill level 8 in Armour
 14960 | Lair:3   | Killed Ruich's ghost
 14961 | Lair:3   | Reached XP level 14. HP: 115/118 MP: 15/15
 15066 | Lair:4   | Noticed Rupert
 15077 | Lair:4   | Reached skill level 3 in Stealth
 15085 | Lair:4   | XOM: potion effect (curing)
 15095 | Lair:4   | Killed Rupert
 15146 | Lair:4   | XOM: silly message
 15290 | Lair:4   | XOM: divination: magic mapping
 15293 | Lair:4   | XOM: cast spell 'Alistair's Intoxication'
 15308 | Lair:4   | Reached skill level 8 in Shields
 15363 | Lair:4   | XOM: polymorph blink frog -> steam dragon
 15375 | Lair:4   | Found a snail-covered altar of Cheibriados.
 15441 | Lair:4   | XOM: 5-stop teleportation journey
 15498 | Lair:4   | Reached skill level 4 in Stealth
 15593 | Lair:4   | XOM: give mutations
 15593 | Lair:4   | Gained mutation: You are extremely strong-willed. (Will+++)
                  | [Xom's grace]
 15593 | Lair:4   | Gained mutation: You have a pair of antennae on your head.
                  | [Xom's grace]
 15659 | Lair:4   | XOM: give mutations
 15659 | Lair:4   | Lost mutation: Your natural rate of healing is unusually
                  | fast. [Xom's mischief]
 15659 | Lair:4   | Lost mutation: You have extremely sharp teeth. [Xom's
                  | mischief]
 16012 | Lair:4   | XOM: give mutations
 16012 | Lair:4   | Lost mutation: Your flesh is heat resistant. (rF+) [Xom's
                  | mischief]
 16012 | Lair:4   | Lost mutation: You are extremely strong-willed. (Will+++)
                  | [Xom's mischief]
 16050 | Lair:5   | Entered Level 5 of the Lair of Beasts
 16278 | Lair:5   | Found a viscous altar of Jiyva.
 16301 | Lair:5   | Found a staircase to the Slime Pits.
 16391 | Lair:5   | XOM: confuse monster(s)
 16394 | Lair:5   | XOM: blink monster(s)
 16396 | Lair:5   | Reached skill level 5 in Stealth
 16399 | Lair:5   | Reached skill level 9 in Armour
 16409 | Lair:5   | XOM: enchant monster (good)
 16734 | Lair:5   | Reached skill level 14 in Fighting
 16743 | Lair:5   | XOM: polymorph blink frog -> glowing orange brain
 16749 | Lair:5   | Reached skill level 9 in Shields
 16772 | Lair:5   | XOM: give mutations
 16772 | Lair:5   | Gained mutation: A frigid envelope surrounds you and
                  | freezes all who hurt you. [Xom's mischief]
 16772 | Lair:5   | Lost mutation: Your muscles are very strong. (Str +8,
                  | Int/Dex -2) [Xom's mischief]
 16783 | Lair:5   | XOM: enchant monster (bad)
 17164 | Lair:5   | XOM: torment (61/120 hp)
 17489 | Lair:5   | XOM: summons 4 hostile shadow creatures
 17685 | Lair:5   | XOM: summons 4 hostile shadow creatures
 17769 | Lair:5   | XOM: give mutations
 17769 | Lair:5   | Lost mutation: You have an increased reservoir of magic.
                  | (+10% MP) [Xom's mischief]
 17769 | Lair:5   | Lost mutation: A frigid envelope surrounds you and freezes
                  | all who hurt you. [Xom's mischief]
 17769 | Lair:5   | Gained mutation: You have a pair of large antennae on your
                  | head. (SInv) [Xom's mischief]
 18156 | D:11     | XOM: summons 2 friendly demons
 18167 | D:11     | Killed avangion's ghost
 18168 | D:11     | Reached XP level 15. HP: 116/127 MP: 15/15
 18293 | Orc:1    | Entered Level 1 of the Orcish Mines
 18294 | Orc:1    | XOM: swap monsters
 18314 | Orc:1    | Reached skill level 10 in Armour
 18628 | Orc:2    | Entered Level 2 of the Orcish Mines
 18783 | Orc:2    | XOM: blink monster(s)
 18791 | Orc:2    | XOM: chaos upgrade
 18806 | Orc:2    | Found Ureem's Self-Improvement Boutique.
 18817 | Orc:2    | Bought a manual of Fighting for 1200 gold pieces
 18817 | Orc:2    | Bought a manual of Armour for 1200 gold pieces
 18942 | Orc:2    | XOM: fake destruction
 18962 | Orc:2    | HP: 18/190 [orc warrior/+0 long sword (10)]
 18963 | Orc:2    | Slain by a sixfirhy

Vanquished Creatures
  Rupert (Lair:4)
  A minotaur (Lair:3)
  The ghost of Ruich the Brawler, a journeyman TrCK of Xom (Lair:3)
  3 rakshasas
  The ghost of avangion the Thaumaturge, a journeyman DjFE of Makhleb (D:11)
  Fannar (D:11)
  6 hydras
  2 centaur warriors
  A catoblepas (Lair:1)
  3 two-headed ogres
  4 boulder beetles
  6 death yaks
  An orc high priest (Orc:2)
  Sonja (D:11)
  2 skysharks (Lair:5)
  A goliath frog (Lair:5)
  A glowing orange brain (Lair:5)
  An orc knight (Orc:2)
  An ugly thing (D:8)
  A manticore (D:11)
  6 cyclopes
  5 elephants
  4 black mambas
  A gargoyle (D:8)
  4 torpor snails
  18 cane toads
  6 rime drakes
  A freezing wraith (D:11)
  13 komodo dragons
  4 trolls
  4 polar bears
  6 tyrant leeches
  3 hornets
  16 blink frogs
  A slime creature (D:11)
  2 spriggans
  5 wraiths
  3 shadows
  3 vampires
  51 yaks
  6 basilisks
  6 wyverns
  3 fire bats (Lair:4)
  3 steam dragons
  11 vampire mosquitoes
  5 swamp worms (Lair:2)
  2 two-headed ogre zombies (D:10)
  Edmund (D:4)
  A naga (Lair:2)
  2 acid dragons (D:10)
  19 water moccasins
  17 orc warriors
  8 black bears
  A sky beast (D:7)
  A black bear (shapeshifter) (Lair:2)
  4 ice beasts
  2 laughing skulls (D:11)
  5 centaurs
  4 ogres
  9 wolves
  A boggart (D:10)
  A phantom (D:4)
  Blork the orc (D:5)
  8 kobold brigands
  2 gnoll sergeants
  30 bullfrogs
  2 scorpions
  6 wights
  A troll zombie (D:10)
  55 killer bees
  2 electric eels
  2 howler monkeys
  2 bombardier beetles (D:3)
  A lava snake (Lair:4)
  5 hounds
  3 gnoll boudas
  17 orc priests
  7 jellies
  A sleepcap (D:6)
  3 iguanas
  19 orc wizards
  6 hell rats (Lair:5)
  5 ogre zombies (D:10)
  17 gnolls
  A river rat (D:11)
  10 adders
  A shadow imp (D:7)
  4 ufetubi
  6 dart slugs
  74 orcs
  7 endoplasms
  5 giant cockroaches
  19 goblins
  6 hobgoblins
  9 jackals
  2 quokkas (D:1)
  5 ball pythons
  5 bats
  5 frilled lizards
  A gnoll skeleton (D:10)
  A gnoll zombie (D:10)
  11 kobolds
  6 orc skeletons (D:10)
  17 orc zombies (D:10)
  7 rats
  A spectral hobgoblin (D:4)
705 creatures vanquished.

Vanquished Creatures (collateral kills)
  A hydra (Lair:3)
  A rakshasa (D:10)
2 creatures vanquished.

Vanquished Creatures (others)
  An ugly thing (D:10)
  A slime creature (D:11)
  A killer bee (Lair:1)
  2 foxfires (D:11)
5 creatures vanquished.

Grand Total: 712 creatures vanquished

Table legend: (Time is in decaauts)
 A = Elapsed time spent in this place.
 B = Non-inter-level travel time spent in this place.
 C = Inter-level travel time spent in this place.
 D = Time resting spent in this place.
 E = Time spent auto-exploring this place.
 F = Levels seen in this place.
 G = Mean time per level.
                   A        B        C        D        E       F      G
               +--------+--------+--------+--------+--------+-----+--------+
         Total |  18843 |  18017 |    826 |   2969 |  10135 |  18 | 1046.8 |
       Dungeon |  11790 |  11292 |    498 |   1885 |   6626 |  11 | 1071.8 |
          Lair |   6406 |   6104 |    302 |   1079 |   3215 |   5 | 1281.2 |
  Orcish Mines |    647 |    622 |     25 |      5 |    294 |   2 |  323.5 |
               +--------+--------+--------+--------+--------+-----+--------+

Top non-repeatable levels by time:
  Lair:5: 1766 daAuts
     D:5: 1572 daAuts
    D:10: 1447 daAuts
     D:3: 1302 daAuts
  Lair:2: 1272 daAuts
     D:8: 1249 daAuts
  Lair:4: 1136 daAuts
     D:9: 1131 daAuts
  Lair:1: 1130 daAuts
    D:11: 1122 daAuts
     D:2: 1107 daAuts
  Lair:3: 1099 daAuts
     D:7: 878 daAuts
     D:4: 784 daAuts
     D:6: 717 daAuts

Table legend:
 A = Non-vault XP
 B = Vault XP
 C = Vault XP percentage of total XP
 D = Non-vault monster count
 E = Vault monster count
 F = Vault count percentage of total count
                 A         B        C        D         E       F
            +---------+---------+-------+---------+---------+-------
      Total |   60735 |   48721 |  44.5 |     447 |     261 |  36.9
            +---------+---------+-------+---------+---------+-------
        D:1 |      25 |       0 |   0.0 |      15 |       0 |   0.0
        D:2 |     143 |       8 |   5.3 |      23 |       4 |  14.8
        D:3 |     258 |      29 |  10.1 |      33 |       6 |  15.4
        D:4 |     338 |     175 |  34.1 |      10 |       6 |  37.5
        D:5 |    1064 |     240 |  18.4 |      22 |      10 |  31.2
        D:6 |     724 |       0 |   0.0 |      18 |       0 |   0.0
        D:7 |    1244 |       0 |   0.0 |      18 |       0 |   0.0
        D:8 |    2475 |    2351 |  48.7 |      26 |      18 |  40.9
        D:9 |    1893 |     814 |  30.1 |      18 |       1 |   5.3
       D:10 |    1967 |    6039 |  75.4 |      18 |      51 |  73.9
       D:11 |    5938 |    9267 |  60.9 |      23 |      29 |  55.8
     Lair:1 |    5712 |    6568 |  53.5 |      19 |      44 |  69.8
     Lair:2 |    7005 |    3286 |  31.9 |      29 |      15 |  34.1
     Lair:3 |    6170 |    3733 |  37.7 |      17 |      11 |  39.3
     Lair:4 |    7464 |    3726 |  33.3 |      38 |       5 |  11.6
     Lair:5 |   13816 |   11050 |  44.4 |      43 |      43 |  50.0
      Orc:1 |    2549 |       0 |   0.0 |      43 |       0 |   0.0
      Orc:2 |    1950 |    1435 |  42.4 |      34 |      18 |  34.6
            +---------+---------+-------+---------+---------+-------
